AoeStats
← william.madeira

Highland

504373010Analyzed
2v2 RM · 26d ago on Sep 5, 2026· 53m 57s· 4 players
Game mode
Random Map
Map size
Medium (4 player)
Population
200
Speed
Normal
Resources
Standard
Victory
Conquest
Starting age
Dark Age
Ending age
Imperial Age
RankedLock teamsTeams togetherTeam positionsShared explorationLock speedFull tech treeHidden civsTurbo modeCheats
Victory
Defeat
🇺🇸 Armenians · United States
871
+19
🇺🇸 Ethiopians · United States
864
+19
🇧🇷 Huns · Brazil
957
-58
🇨🇴 Turks · Colombia
923
-19
william.madeira
13:03 Feudal Age
14:07 Feudal Age
19:04 Horse Collar
22:22 Scale Barding Armor
22:19 Scale Mail Armor
22:30 Forging
28:00 Castle Age
29:49 Iron Casting
Rattlehead
8:31 Loom
12:13 Feudal Age
15:05 Wheelbarrow
15:48 Man-at-Arms
22:37 Castle Age
21:26 Fletching
22:42 Crossbowman
25:10 Double-Bit Axe
25:07 Horse Collar
28:22 Bow Saw
28:21 Heavy Plow
33:35 Imperial Age
31:08 Gold Mining
31:09 Stone Mining
33:13 Forging
34:37 Bloodlines
37:17 Scale Barding Armor
39:04 Iron Casting
40:58 Chain Barding Armor
42:40 Blast Furnace
42:26 Conscription
43:14 Husbandry
46:38 Elite Janissary
53:34 Plate Barding Armor
sneakjacks0n
8:56 Loom
14:06 Feudal Age
14:07 Man-at-Arms
14:36 Arson
14:43 Double-Bit Axe
16:40 Long Swordsman
26:09 Castle Age
24:20 Pikeman
24:27 Pikeman
26:57 Squires
26:45 Gambesons
28:16 Scale Mail Armor
29:39 Two-Handed Swordsman
32:17 Padded Archer Armor
32:39 Chain Mail Armor
37:21 Husbandry
37:33 Bloodlines
42:57 Fletching
43:21 Forging
43:18 Scale Barding Armor
43:05 Fletching
45:56 Imperial Age
43:14 Town Watch
44:07 Wheelbarrow
44:15 Wheelbarrow
45:17 Iron Casting
44:38 Bodkin Arrow
45:28 Redemption
45:22 Elite Skirmisher
47:19 Conscription
48:09 Chemistry
47:30 Ballistics
47:57 Town Patrol
48:43 Bracer
48:44 Padded Archer Armor
50:15 Champion
50:16 Halberdier
53:14 Fereters
nomadiccoder
10:34 Loom
12:24 Feudal Age
13:34 Double-Bit Axe
13:33 Horse Collar
21:16 Castle Age
19:06 Town Watch
20:10 Fletching
20:25 Padded Archer Armor
24:06 Wheelbarrow
23:32 Town Patrol
24:58 Thumb Ring
27:09 Bodkin Arrow
27:03 Crossbowman
28:54 Leather Archer Armor
36:42 Ballistics
39:14 Hand Cart
44:08 Imperial Age
44:15 Arbalester
45:00 Bracer
45:30 Ring Archer Armor
48:13 Conscription
49:03 Chemistry
48:58 Torsion Engines
Connection lost

Rejoining the realm…

Still unreachable

The connection could not be restored.

Session expired

The server has moved on; the page needs a fresh start.